 Dungeon Crawl Stone Soup version 0.25.1-2-g60ff931df9 (webtiles) character file.

Game seed: 4532346022270465146

196 H0rd4k the Insei (level 5, -9/33 HPs)
             Began as an Octopode Transmuter on Sept 17, 2020.
             Splashed by Pikel's acid (14 damage)
             ... on level 3 of the Dungeon.
             The game lasted 00:04:14 (3390 turns).

H0rd4k the Insei (Octopode Transmuter)              Turns: 3390, Time: 00:04:16

Health: -9/33      AC: -3    Str: 10    XL:     5   Next: 74%
Magic:  8/9        EV: 13    Int: 16    God:
Gold:   99         SH:  0    Dex: 12    Spells: 9/10 levels left

rFire    + . .     SeeInvis .     - Unarmed
rCold    x . .     Gourm    .   (no shield)
rNeg     . . .     Faith    .   (helmet restricted)
rPois    .         Spirit   .   (no amulet)
rElec    .         Reflect  .   d - ring of fire
rCorr    .         Harm     .   j - ring of attention (curse)
MR       .....                  (no ring)
Stlth    ++........             (no ring)
HPRegen  0.11/turn              (no ring)
MPRegen  0.11/turn              (no ring)
                                (no ring)
                                (no ring)

@: appendage, corroded
A: almost no armour, stealthy swim, amphibious, 8 rings, constrict 8, tentacle
spike 3, camouflage 1, gelatinous body 1
a: End Transformation


You were on level 3 of the Dungeon.
You were not hungry.
One of your tentacles had a temporary spike.
You visited 1 branch of the dungeon, and saw 4 of its levels.

You collected 99 gold pieces.

Inventory:

Hand Weapons
 e - a +0 dagger of draining
Missiles
 a - 46 arrows
 f - 42 poisoned darts (quivered)
Jewellery
 d - a ring of fire (left tentacle)
 j - a cursed ring of attention (right tentacle)
 n - an uncursed ring of wizardry
Scrolls
 l - 3 scrolls of identify
Potions
 b - 3 potions of curing {unknown}
 g - a potion of berserk rage {unknown}
 h - a potion of flight
 i - a potion of mutation {unknown}
 k - a potion of degeneration {unknown}
Comestibles
 c - 7 rations


   Skills:
 + Level 1.2 Fighting
 + Level 0.6 Throwing
 + Level 2.2 Dodging
 + Level 2.3 Stealth
 + Level 4.4 Unarmed Combat
 * Level 3.0 Spellcasting
 * Level 3.1 Transmutations


You had 9 spell levels left.
You knew the following spells:

 Your Spells              Type           Power        Failure   Level  Hunger
a - Beastly Appendage     Tmut           ##....       5%          1    #......

Your spell library contained the following spells:

 Spells                   Type           Power        Failure   Level  Hunger
 Sticks to Snakes         Tmut           ##......     8%          2    ##.....
 Spider Form              Tmut/Pois      #.........   30%         3    ###....
 Ice Form                 Ice/Tmut       #.......     69%         4    #####..
 Blade Hands              Tmut           ##........   82%         5    ######.


Dungeon Overview and Level Annotations

Branches:
Dungeon (4/15)
 Temple: D:4-7

Altars:
Elyvilon
Fedhas
Sif Muna

Annotations:
D:3 Pikel


Innate Abilities, Weirdness & Mutations

You cannot wear most types of armour.
You are very stealthy in the water. (Stealth+)
You are amphibious.
You can wear up to eight rings at the same time.
You can use your tentacles to constrict eight enemies at once.
Your skin changes colour to match your surroundings (Stealth+).
Your rubbery body absorbs attacks. (AC +1, EV +1)
One of your tentacles bears a large vicious spike.


Message History

There is a stone staircase leading up here.
Pikel hits you with a +0 whip of freezing.
Pikel freezes you. The slave hits you.
You climb upwards.
There is a stone staircase leading down here.
Unknown command.
You aren't carrying any items that you can evoke.
Unknown command.
Okay, then.
Unknown command.
Okay, then.
Unknown command.
Casting: Beastly Appendage (safe; 5% risk of failure)
Confirm with . or Enter, or press ? or * to list all spells.
One of your tentacles grows a vicious spike.
Pikel zaps a wand.
The bolt of acid hits you!!
Ouch! That really hurt!
* * * LOW HITPOINT WARNING * * *
The acid corrodes you!
You are splashed with acid!
You die...

#.......##...###.# #.
#.####..#.<...##.# #<
#.####.........#.# #.
#.##...........#.# #.
#.##.#.........#.#####.
#.##.#..#..............
#.......##...###..#####
####.#p#########..##...
#.#@K..>.....[.##.##
#.############.##.# #.#
#.##.# ####.# #.##.#
#....# ########.##.##
#.#### #.............
#.# #.#########.## #.#
#.# #.# #.# #.# #.#


You could see Pikel and a slave.

Vanquished Creatures
  An ogre (D:2)
  3 adders (D:2)
  2 worms
  A dart slug (D:2)
  3 leopard geckos
  An orc (D:3)
  A ball python (D:3)
  3 giant cockroaches
  7 goblins
  10 hobgoblins
  9 jackals
  11 bats
  3 frilled lizards
  6 kobolds
  7 rats
68 creatures vanquished.

Notes
Turn   | Place    | Note
-------+----------+-------------------------------------------
     0 | D:1      | H0rd4k the Octopode Transmuter began the quest for the Orb.
     0 | D:1      | Reached XP level 1. HP: 13/13 MP: 3/3
   293 | D:1      | Reached XP level 2. HP: 9/18 MP: 5/5
   863 | D:1      | Reached XP level 3. HP: 23/23 MP: 6/6
  1424 | D:2      | Noticed an ogre
  1454 | D:2      | Killed an ogre
  1454 | D:2      | Reached skill level 1 in Stealth
  1454 | D:2      | Reached skill level 4 in Unarmed Combat
  1454 | D:2      | Reached XP level 4. HP: 10/28 MP: 6/8
  1454 | D:2      | Reached XP level 5. HP: 12/33 MP: 6/9
  1827 | D:2      | Found a white marble altar of Elyvilon.
  2366 | D:2      | Found a shimmering blue altar of Sif Muna.
  2599 | D:3      | Found a blossoming altar of Fedhas.
  3387 | D:4      | Noticed Pikel
  3387 | D:4      | Noticed a slave
  3387 | D:4      | Noticed a slave
  3387 | D:4      | Noticed a slave
  3387 | D:4      | Noticed a slave
  3390 | D:3      | Splashed by Pikel's acid

Illustrated notes

Levels and vault maps discovered:
D:1:      dpeg_arrival_pits, layout_basic, wad_floor_pattern_untrapped,
          minmay_tetromino_s4
D:2:      layout_loops_ring, elyvilon_altar_3, lemuel_coloured_pillars_altar
D:3:      minmay_spotlight, layout_loops_ring, lemuel_doored_altar
D:4:      layout_cave_pools, lightli_temple_of_fire,
          chequers_temple_overflow_minitemple, minmay_temple_entry_tees,
          first_ration, serial_park_tiny_pond, nemelex_spade_bored_becter,
          uniq_pikel

Skill      XL: |  1  2  3  4  5 |
---------------+----------------+-----
Stealth        | 1 2 |  2.3
Unarmed Combat | 4 |  4.4
Transmutations | 3 |  3.1
Spellcasting   | 3 |  3.0
Fighting       | |  1.2
Throwing       | |  0.6
Dodging        | |  2.2

Action                   |  1- 3 |  4- 6 || total
-------------------------+-------+-------++-------
Melee: Unarmed           |    71 |    80 ||   151
       Constrict         |    18 |    20 ||    38
       Tentacles         |    13 |    12 ||    25
       Punch             |       |     2 ||     2
Throw: Dart              |     6 |    11 ||    17
 Cast: Beastly Appendage |       |     1 ||     1
  Use: Scroll            |     1 |     3 ||     4
 Stab: Sleeping          |     6 |     5 ||    11
  Eat: Chunk             |     2 |     6 ||     8
Armor: Skin              |     4 |    10 ||    14
Dodge: Dodged            |    42 |    39 ||    81
